AoeStats
← tarepo

Arena

508267863Analyzed
4v4 RM · 9d ago on Sep 21, 2026· 57m 49s· 8 players
Game mode
Random Map
Map size
Large (8 player)
Population
200
Speed
Normal
Resources
Standard
Victory
Conquest
Starting age
Dark Age
Ending age
Imperial Age
RankedLock teamsTeams togetherTeam positionsShared explorationLock speedFull tech treeHidden civsTurbo modeCheats
Victory
Defeat
🇲🇽 Bohemians · Mexico
572
+14
🇨🇿 Persians · Czechia
555
+14
🇪🇸 Franks · Spain
555
+14
🇨🇭 Spanish · Switzerland
542
+15
🇹🇷 Turks · Türkiye
1000
-140
🇹🇷 Teutons · Türkiye
402
-10
🇹🇷 Cumans · Türkiye
386
-9
🇹🇷 Bohemians · Türkiye
358
-8
Mami1545
13:28 Feudal Age
14:00 Double-Bit Axe
19:23 Town Watch
21:45 Horse Collar
22:38 Gold Mining
24:16 Wheelbarrow
23:26 Loom
30:10 Castle Age
31:35 Hand Cart
31:21 Town Patrol
31:36 Bow Saw
31:29 Heavy Plow
32:08 Gold Shaft Mining
31:28 Stone Mining
31:50 Scale Barding Armor
31:55 Forging
31:47 Scale Mail Armor
32:59 Squires
32:44 Arson
32:20 Pikeman
32:22 Man-at-Arms
38:11 Imperial Age
36:03 Steppe Husbandry
37:56 Long Swordsman
38:59 Chain Barding Armor
38:54 Chain Mail Armor
39:15 Iron Casting
38:41 Padded Archer Armor
40:30 Halberdier
42:29 Elite Steppe Lancer
42:29 Cavalier
45:04 Two-Handed Swordsman
45:25 Elite Skirmisher
47:25 Blast Furnace
56:28 Crop Rotation
56:25 Paladin
Gamer Abi
12:26 Feudal Age
13:44 Wheelbarrow
12:52 Horse Collar
13:17 Double-Bit Axe
15:49 Town Watch
21:23 Castle Age
22:08 Heavy Plow
22:23 Forging
22:36 Forging
23:33 Bow Saw
25:44 Hand Cart
26:13 Gold Mining
26:25 Man-at-Arms
27:30 Padded Archer Armor
31:00 Town Patrol
31:15 Gambesons
31:18 Arson
31:40 Stone Mining
32:18 Squires
34:04 Elite Skirmisher
35:37 Long Swordsman
35:38 Pikeman
36:12 Guard Tower
36:35 Fortified Wall
39:50 Ironclad
43:10 Imperial Age
40:54 Heated Shot
43:59 Ballistics
47:20 Chemistry
51:24 Halberdier
51:31 Two-Handed Swordsman
MCK
13:30 Feudal Age
14:06 Horse Collar
14:15 Double-Bit Axe
16:20 Wheelbarrow
24:36 Castle Age
25:31 Heavy Plow
25:45 Bow Saw
27:15 Hand Cart
28:46 Caravan
32:33 Fletching
33:53 Siphons
34:11 Ballistics
34:53 Chemistry
41:24 Imperial Age
42:53 Elite Hussite Wagon
Serdar_Han
10:45 Feudal Age
11:13 Double-Bit Axe
12:19 Wheelbarrow
11:57 Horse Collar
18:54 Castle Age
19:35 Stone Mining
26:04 Bow Saw
26:11 Heavy Plow
29:03 Hand Cart
31:03 Sipahi
32:10 Scale Mail Armor
32:10 Padded Archer Armor
34:46 Husbandry
35:23 Scale Barding Armor
35:34 Chain Mail Armor
35:10 Fletching
35:31 Forging
37:35 Gold Mining
38:11 Bloodlines
37:59 Treadmill Crane
38:30 Masonry
39:50 Heated Shot
40:21 Ballistics
39:58 Murder Holes
40:41 Iron Casting
40:01 Bodkin Arrow
40:22 Leather Archer Armor
42:17 Chain Barding Armor
42:08 Squires
41:54 Arson
42:59 Crossbowman
45:56 Thumb Ring
47:29 Man-at-Arms
51:52 Imperial Age
49:48 Long Swordsman
53:41 Two-Man Saw
53:18 Plate Barding Armor
53:14 Plate Mail Armor
53:14 Ring Archer Armor
53:08 Bombard Tower
52:34 Arrowslits
er_titi92
11:10 Feudal Age
11:40 Double-Bit Axe
12:54 Wheelbarrow
23:46 Castle Age
23:19 Scale Barding Armor
27:22 Bow Saw
30:18 Imperial Age
29:37 Hand Cart
29:36 Caravan
30:50 Cavalier
33:34 Chemistry
32:59 Chain Barding Armor
33:11 Husbandry
34:12 Gold Mining
34:13 Stone Mining
35:21 Paladin
37:28 Plate Barding Armor
37:10 Masonry
36:47 Arrowslits
37:57 Town Watch
37:58 Loom
40:11 Architecture
40:02 Ballistics
41:57 Gold Shaft Mining
43:07 Crossbowman
45:26 Chivalry
45:48 Conscription
46:05 Hoardings
51:09 Siphons
51:10 Siege Engineers
50:56 Guard Tower
51:03 Murder Holes
51:19 Fortified Wall
51:20 Careening
51:20 Clinker Construction
51:30 Forging
52:38 Elite Throwing Axeman
53:39 #83
55:56 Fletching
56:06 Padded Archer Armor
56:07 Scale Mail Armor
56:43 Iron Casting
56:33 Carvel Hull
56:35 Dry Dock
56:50 Coinage
55:52 Capped Ram
55:53 Onager
55:55 Heavy Scorpion
56:02 Heavy Cavalry Archer
56:05 Elite Skirmisher
57:23 Man-at-Arms
58:04 Squires
57:50 Arson
57:51 Gambesons
58:09 Town Patrol
MikinhoCZE
0:33 Loom
0:37 Loom
9:14 Feudal Age
12:35 Double-Bit Axe
19:54 Stone Mining
19:55 Gold Mining
22:44 Castle Age
22:50 Horse Collar
25:43 Stone Shaft Mining
27:21 Bow Saw
29:03 Wheelbarrow
29:19 Scale Barding Armor
29:25 Forging
30:33 Caravan
32:55 Hand Cart
36:02 Imperial Age
35:36 Gold Shaft Mining
35:54 Chain Barding Armor
36:09 Iron Casting
36:46 Conscription
36:39 Elite War Elephant
38:42 Bloodlines
39:52 Two-Man Saw
39:04 Heavy Plow
39:34 Cavalier
40:55 Plate Barding Armor
41:24 Blast Furnace
41:18 Crop Rotation
42:08 Savar
43:14 Ballistics
44:01 Husbandry
48:00 Chemistry
jsusdgz
7:53 Loom
11:08 Feudal Age
11:44 Double-Bit Axe
13:22 Wheelbarrow
13:29 Wheelbarrow
13:41 Horse Collar
18:54 Castle Age
23:24 Hand Cart
29:23 Imperial Age
29:23 Heavy Plow
30:42 Chemistry
30:53 Guilds
31:13 Coinage
30:43 Caravan
tarepo
12:01 Feudal Age
11:51 Loom
16:25 Castle Age
14:41 Double-Bit Axe
15:08 Horse Collar
15:41 Gold Mining
16:20 Stone Mining
17:29 Bow Saw
18:02 Wheelbarrow
20:43 Pikeman
21:24 Squires
25:30 Caravan
25:23 Loom
25:25 Town Watch
26:12 Hand Cart
25:47 Light Cavalry
26:38 Bloodlines
28:06 Stone Shaft Mining
27:34 Heavy Plow
29:04 Husbandry
33:08 Imperial Age
32:33 Forging
32:23 Scale Mail Armor
32:48 Town Patrol
33:32 Padded Archer Armor
33:40 Scale Barding Armor
34:10 Iron Casting
34:15 Conscription
35:09 Onager
36:15 Masonry
36:01 Murder Holes
36:20 Fortified Wall
38:35 Chemistry
38:06 Architecture
37:32 Murder Holes
38:14 Chain Barding Armor
38:55 Blast Furnace
38:11 Chain Mail Armor
38:11 Cavalier
39:23 Plate Mail Armor
39:09 Leather Archer Armor
39:40 Halberdier
43:36 Paladin
44:53 Plate Barding Armor
44:49 Ring Archer Armor
43:43 Elite Conquistador
48:53 Fletching
49:19 Hussar
51:44 Bodkin Arrow
52:49 Capped Ram
54:31 Guard Tower
55:01 Ballistics
54:53 Fortified Wall
55:04 Bombard Tower
54:48 Arrowslits
57:39 Bracer
Connection lost

Rejoining the realm…

Still unreachable

The connection could not be restored.

Session expired

The server has moved on; the page needs a fresh start.